 Dungeon Crawl Stone Soup version 0.27.0-1-g7a089689b8 (webtiles) character file.

Game seed: 6512920738850575903

130 butteredtoast the Sneak (level 4, -1/22 HPs)
             Began as a Spriggan Brigand on Aug 3, 2021.
             Slain by Robin (13 damage)
             ... on level 3 of the Dungeon.
             The game lasted 00:12:11 (2436 turns).

butteredtoast the Sneak (Spriggan Brigand)          Turns: 2436, Time: 00:12:17

Health: -1/22      AC:  3    Str:  7    XL:     4   Next: 90%
Magic:  2/7        EV: 20    Int: 12    God:
Gold:   151        SH:  0    Dex: 17    Spells: 0/5 levels left

rFire    . . .     SeeInvis +   p - +1 dagger (venom)
rCold    . . .     Faith    .   (shield restricted)
rNeg     . . .     Spirit   .   b - +0 robe
rPois    .         Reflect  .   (helmet restricted)
rElec    .         Harm     .   c - +0 cloak
rCorr    .         Rampage  .   (gloves unavailable)
Will     .....                  (boots unavailable)
Stlth    +++.......             (no amulet)
HPRegen  0.07/turn              (no ring)
MPRegen  0.10/turn              (no ring)

@: very quick
A: very small, no large weapons, unfitting armour, see invisible, speed 3
a: no special abilities


You were on level 3 of the Dungeon.
You visited 1 branch of the dungeon, and saw 3 of its levels.

You collected 151 gold pieces.

Inventory:

Hand Weapons
 a - a +2 dagger
 k - a +4 dagger
 p - a +1 dagger of venom (weapon)
Missiles
 d - 20 poisoned darts (quivered)
 e - 2 curare-tipped darts
Armour
 b - a +0 robe (worn)
 c - a +0 cloak (worn)
Magical Staves
 h - a staff of fire
Scrolls
 f - a scroll of enchant armour {unknown}
 g - a scroll of brand weapon {unknown}
 i - 2 scrolls of torment {unknown}
 j - 3 scrolls of acquirement {unknown}
 l - a scroll of noise {unknown}
 n - a scroll of magic mapping {unknown}
 o - a scroll of immolation {unknown}
 q - a scroll of vulnerability {unknown}
 r - 2 scrolls of identify {unknown}
 u - a scroll of blinking {unknown}
Potions
 m - a potion of flight {unknown}
 s - a potion of lignification {unknown}
 t - 2 potions of resistance {unknown}


   Skills:
 - Level 1.6 Fighting
 - Level 2.1 Short Blades
 - Level 2.0 Throwing
 - Level 5.4 Dodging
 - Level 5.8 Stealth
 + Level 1.3 Spellcasting
 * Level 1.5 Air Magic


You couldn't memorise any spells.
You knew the following spells:

 Your Spells              Type           Power      Damage    Failure   Level
a - Shock                 Conj/Air       8%         1d3       22%         1
b - Airstrike             Air            2%         N/A       83%         4

Your spell library contained the following spells:

 Spells                   Type           Power      Damage    Failure   Level
 Freeze                   Ice            0%         1d3       28%         1
 Swiftness                Air            4%         N/A       43%         3
 Frozen Ramparts          Ice            0%         1d2       65%         3
 Portal Projectile        Hex/Tloc       0%         N/A       65%         3
 Tukima's Dance           Hex            0%         N/A       65%         3
 Hailstorm                Conj/Ice       0%         3d3       96%         4
 Passage of Golubria      Tloc           N/A        N/A       96%         4
 Blade Hands              Tmut           0%         N/A       100%        5
 Excruciating Wounds      Necr           0%         N/A       100%        5
 Yara's Violent Unravell  Hex/Tmut       0%         3d3       100%        5


Dungeon Overview and Level Annotations

Branches:
Dungeon (3/15)

Altars:

Shops:
D:1 (

Annotations:
D:3 Grinder, Robin


Innate Abilities, Weirdness & Mutations

You are very small and have problems with some larger weapons.
You are too small for most types of armour.
You have supernaturally acute eyesight. (SInv)
You cover ground extremely quickly. (Speed+++)


Message History

Confirm with . or Enter, or press ? or * to list all spells.
Aiming: Shock (safe; 22% risk of failure)
Press: ? - help, Shift-Dir - straight line The zap hits Robin.
Robin is lightly wounded.
The zap hits the goblin.
The goblin is moderately wounded.
The zap misses the goblin.
The goblin misses you.
Casting: Shock (safe; 22% risk of failure)
Confirm with . or Enter, or press ? or * to list all spells.
You don't have enough magic to cast this spell.
The goblin closely misses you.
Robin says, "Duck!"
Your magical contamination has completely faded away.
Robin throws the goblin at you!
You barely miss the goblin. The goblin hits you but does no damage.
The goblin barely misses you.
The goblin no longer looks unusually strong.
The goblin hits you but does no damage.
You closely miss the goblin. You closely miss the goblin.
You closely miss the goblin. The goblin closely misses you.
The goblin misses you.
You hit the goblin.
The goblin is poisoned.
The goblin is heavily wounded.
You kill the goblin!
You closely miss the goblin. The goblin hits you but does no damage.
You hit the goblin.
The goblin is poisoned.
The goblin is severely wounded.
The hobgoblin hits you but does no damage.
The goblin hits you with a +0 dagger.
You hit the goblin.
You kill the goblin!
You barely miss the hobgoblin.
A goblin comes into view. It is wielding a +0 dagger.
The hobgoblin misses you.
Robin hits you with a +4 falchion of electrocution!
You are electrocuted!
Ouch! That really hurt!
You die...

######### #.......#######
#..............## #............#
.. #......#.###.##.
#######......#.###.#.. ######
......#......#.......#+####...#.
#.#.#.##(##..#####.#............
#.#.......#....@g#.#<...........
#.###.##..#.####g#.#............
##.###.##......g..#.#).........##
.....)......gg....#.#.###+##...#.
###.##....#......g#.#.# .....#.
....#...............#.# ###...#.
gg#g#.....#.....#...#.# ##..#.
...##..#####....###.#.. ....#. .
...... ..........########.....


You could see Robin, a hobgoblin and a goblin (wandering).

Vanquished Creatures
  3 gnolls (D:3)
  4 adders
  A worm (D:2)
  2 orcs (D:3)
  4 ball pythons
  6 endoplasms
  3 giant cockroaches
  8 goblins
  4 hobgoblins
  8 jackals (D:1)
  3 quokkas
  2 bats
  A frilled lizard (D:1)
  3 kobolds
52 creatures vanquished.

Vanquished Creatures (others)
  A fungus (D:1)
1 creature vanquished.

Grand Total: 53 creatures vanquished

Notes
Turn   | Place    | Note
-------+----------+-------------------------------------------
     0 | D:1      | butteredtoast the Spriggan Brigand began the quest for the
                  | Orb.
     0 | D:1      | Reached XP level 1. HP: 10/10 MP: 2/2
   235 | D:1      | Reached XP level 2. HP: 14/14 MP: 3/3
   348 | D:1      | Found Huqaih's Antique Weapon Shop.
   694 | D:1      | Found a faded altar of an unknown god.
   880 | D:1      | Reached XP level 3. HP: 18/18 MP: 4/4
  1297 | D:2      | Reached skill level 5 in Dodging
  1380 | D:2      | Learned a level 1 spell: Shock
  1553 | D:3      | Reached XP level 4. HP: 22/22 MP: 5/5
  1848 | D:3      | Reached skill level 1 in Air Magic
  1854 | D:3      | Reached skill level 1 in Spellcasting
  2006 | D:3      | Noticed Grinder
  2374 | D:3      | Learned a level 4 spell: Airstrike
  2402 | D:3      | Noticed Robin
  2436 | D:3      | Slain by Robin

Illustrated notes

Levels and vault maps discovered:
D:1:      minmay_arrival_jagged, layout_basic, serial_shops,
          nicolae_square_shop, shapermc_ecumenical_altar_mp_urbaneastern,
          corexii_item_surrounded_by_moat
D:2:      layout_rooms, minmay_tetromino_i4
D:3:      layout_basic, uniq_robin, uniq_ijyb, uniq_grinder

Skill      XL: |  1  2  3  4 |
---------------+-------------+-----
Dodging        | 2 4 5 |  5.4
Air Magic      | 1 |  1.5
Spellcasting   | 1 |  1.3
Fighting       | |  1.6
Short Blades   | |  2.1
Throwing       | |  2.0
Stealth        | |  5.8

Action                   |  1- 3 |  4- 6 || total
-------------------------+-------+-------++-------
Melee: Dagger            |    93 |    50 ||   143
Throw: Dart              |    21 |     9 ||    30
 Cast: Shock             |       |    19 ||    19
  Use: Potion            |     2 |       ||     2
 Stab: Sleeping          |     9 |     1 ||    10
Armor: Robe              |     9 |    10 ||    19
Dodge: Dodged            |    58 |    42 ||   100
